Map: Tokamak LE

Players

SortOf - Winner!

  • Race: Zerg Zerg
  • League: Grandmaster
  • Spawn Location: 1:00

IlIlIlIlIIII

  • Race: Terran Terran
  • League: Grandmaster
  • Spawn Location: 7:00

VOD

Have the link to the VOD?

Description

Time

  • Played on: Oct. 21, 2025, 4:42 a.m.
  • Length: 17:04
Show
View Real Time Build Order
Export as new Build Order

SortOf Zerg - Winner!

Build Orders: Hatch First 

Get SALT Encoding   

  12  0:00  Drone  
  13  0:08  Drone  
  14  0:16  Extractor  
  14  0:17  Drone  
  15  0:36  Hatchery  
  15  0:41  Extractor, Drone  
  15  0:47  Overlord  
  15  1:01  Spawning Pool  
  14  1:06  Drone  
  14  1:09  Drone  
  16  1:12  Drone  
  16  1:17  Drone  
  18  1:27  Drone  
  19  1:38  Drone  
  20  1:49  Queen x2  
  20  1:51  Overlord  
  24  1:54  Drone  
  24  1:59  Extractor  
  24  2:00  Drone  
  25  2:03  Drone  
  26  2:11  Drone  
  26  2:13  Drone  
  28  2:21  Drone  
  29  2:25  Queen  
  29  2:26  Queen  
  33  2:31  Overlord  
  33  2:34  Drone  
  34  2:40  Drone  
  34  2:43  Drone  
  36  2:46  Overlord  
  36  2:55  Drone x2  
  38  2:58  Drone x4  
  38  3:00  Drone  
  43  3:06  Lair  
  43  3:08  Drone  
  43  3:09  Drone  
  43  3:12  Drone  
  46  3:15  Extractor  
  46  3:18  Overlord  
  45  3:20  Drone  
  46  3:28  Drone  
  46  3:30  Drone  
  48  3:34  Overlord  
  48  3:36  Extractor, Drone x2  
  48  3:37  Extractor  
  48  3:40  Drone x3  
  51  3:42  Extractor  
  51  3:47  Overlord, Extractor  
  51  3:56  Hatchery, Metabolic Boost  
  51  3:59  Overlord  
  51  4:02  Queen  
  50  4:08  Spire, Drone  
  50  4:09  Drone  
  53  4:12  Drone  
  54  4:17  Zergling x8  
  54  4:19  Overseer  
  58  4:25  Zergling x2, Drone  
  58  4:26  Drone  
  58  4:28  Overlord  
  61  4:33  Zergling x4  
  63  4:40  Evolution Chamber x2  
  58  4:52  Drone x7  
  64  5:04  Overlord  
  64  5:08  Overseer  
  64  5:10  Overlord  
  64  5:14  Mutalisk  
  64  5:15  Mutalisk, Baneling Nest  
  64  5:21  Mutalisk x2  
  67  5:24  Zerg Flyer Weapons Level 1  
  67  5:25  Drone x2  
  73  5:29  Extractor  
  73  5:32  Mutalisk  
  73  5:34  Zergling x10  
  79  5:41  Mutalisk  
  79  5:42  Overlord  
  81  5:43  Drone x2  
  83  5:51  Mutalisk  
  83  5:52  Overlord  
  83  5:53  Drone x3  
  88  5:57  Extractor  
  88  6:00  Zergling x12  
  93  6:07  Mutalisk  
  93  6:09  Drone x3  
  98  6:12  Drone  
  98  6:16  Evolution Chamber x2  
  98  6:18  Mutalisk x2  
  98  6:21  Zergling x4  
  102  6:32  Mutalisk x2  
  102  6:40  Drone x4  
  102  6:45  Overlord  
  102  6:46  Mutalisk  
  106  6:51  Mutalisk x2  
  106  6:52  Hatchery  
  106  6:53  Baneling x3  
  109  6:55  Drone x2  
  111  7:06  Zerg Ground Armor Level 1  
  111  7:07  Drone x2  
  113  7:13  Zergling x14, Zerg Melee Weapons Level 1  
  120  7:17  Centrifugal Hooks  
  120  7:25  Mutalisk  
  120  7:27  Overlord x4  
  120  7:30  Baneling  
  118  7:41  Drone x7  
  118  7:42  Pneumatized Carapace  
  121  7:48  Mutalisk x2, Baneling x4  
  123  7:57  Mutalisk  
  118  8:00  Drone x9  
  127  8:07  Overseer  
  127  8:10  Zergling x4  
  129  8:18  Mutalisk x3, Hatchery  
  129  8:19  Overlord, Extractor  
  133  8:20  Extractor, Overseer  
  130  8:28  Zergling x20  
  140  8:37  Mutalisk x3  
  146  8:43  Drone x3  
  149  8:50  Zerg Flyer Weapons Level 2  
  149  8:52  Zergling x26  
  161  8:57  Baneling x7  
  161  9:00  Zergling x2  
  162  9:06  Overlord x2  
  162  9:07  Overlord  
  160  9:10  Zerg Ground Armor Level 2  
  160  9:12  Drone x7  
  167  9:19  Zerg Melee Weapons Level 2  
  167  9:21  Overlord, Infestation Pit  
  167  9:22  Overlord  
  167  9:23  Baneling x4  
  166  9:33  Zergling x24  
  176  9:42  Baneling  
  176  9:43  Baneling x5  
  176  9:44  Zergling x18  
  185  9:53  Mutalisk x4  
  191  10:02  Drone x8  
  196  10:07  Zergling x4  
  196  10:11  Hive  
  198  10:19  Overlord  
  198  10:26  Mutalisk x3  
  200  10:30  Baneling x4  
  200  10:31  Baneling x12, Hatchery  
  200  10:34  Extractor  
  197  10:44  Overlord x2  
  195  10:51  Hatchery  
  195  10:52  Baneling x15  
  195  10:56  Zergling x12  
  200  10:58  Extractor  
  197  11:05  Mutalisk x2  
  193  11:15  Zergling x24  
  185  11:26  Mutalisk x6  
  192  11:36  Zergling x18  
  192  11:43  Mutalisk x4  
  194  11:51  Zergling x12  
  199  11:57  Baneling x4  
  199  11:58  Adrenal Glands  
  199  12:05  Zergling x16  
  199  12:07  Zergling x8  
  198  12:12  Zergling x6  
  195  12:16  Zergling x8, Baneling x19  
  192  12:24  Zergling x12  
  192  12:28  Zerg Ground Armor Level 3  
  178  12:32  Zergling x16  
  164  12:38  Mutalisk x3  
  160  12:49  Zergling x12  
  154  12:58  Mutalisk x2, Zerg Melee Weapons Level 3  
  143  13:00  Zergling x18  
  143  13:01  Zergling x4  
  143  13:05  Zergling x2  
  155  13:07  Drone x4  
  159  13:15  Zerg Flyer Weapons Level 3  
  159  13:22  Zergling x18  
  164  13:27  Drone  
  164  13:31  Queen  
  164  13:32  Queen  
  164  13:33  Drone x5  
  174  13:36  Extractor  
  174  13:37  Extractor, Baneling x15  
  174  13:40  Overseer  
  172  13:43  Zergling x22  
  172  13:47  Baneling x11  
  183  13:52  Drone x5  
  183  13:53  Hatchery  
  185  13:57  Mutalisk  
  185  14:03  Drone x3  
  185  14:04  Drone x3  
  189  14:14  Mutalisk x5  
  189  14:16  Zergling x16  
  199  14:29  Zergling x12  
  199  14:37  Zergling x14  
  181  14:39  Zergling x10  
  181  14:45  Zergling x4  
  180  14:49  Mutalisk x6  
  190  14:54  Drone  
  187  15:02  Zergling x10, Ultralisk Cavern  
  187  15:06  Baneling  
  187  15:07  Baneling x8  
  191  15:12  Zergling x22  
  199  15:14  Baneling  
  199  15:15  Baneling x10  
  196  15:26  Zergling x14  
  185  15:35  Zergling x16  
  179  15:38  Baneling x13  
  179  15:42  Drone x2  
  181  15:43  Drone  
  181  15:45  Zergling x18  
  191  15:52  Zergling x4  
  193  16:01  Zergling x10  
  184  16:21  Ultralisk x3  
  184  16:33  Zergling x12  
  182  16:44  Hatchery  
Show
View Real Time Build Order
Export as new Build Order

IlIlIlIlIIII Terran 

Build Orders: Reaper Expand 

Get SALT Encoding   

  12  0:00  SCV  
  13  0:12  SCV  
  14  0:17  Supply Depot  
  14  0:25  SCV  
  15  0:39  SCV  
  15  0:41  Barracks  
  16  0:51  SCV  
  16  0:52  Refinery  
  17  1:03  SCV  
  18  1:15  SCV  
  19  1:28  Orbital Command  
  19  1:34  Reaper  
  20  1:41  Command Center  
  20  1:51  Supply Depot  
  20  1:54  SCV  
  21  2:06  SCV, Marine  
  23  2:12  Factory  
  23  2:18  SCV  
  24  2:30  SCV, Barracks Reactor  
  25  2:38  Command Center  
  25  2:44  SCV  
  26  2:52  Orbital Command  
  26  2:56  SCV  
  27  3:06  Starport  
  27  3:10  SCV, Refinery  
  30  3:13  Hellion  
  30  3:18  Hellion  
  32  3:20  SCV  
  32  3:22  SCV  
  32  3:27  Barracks Tech Lab  
  34  3:35  SCV  
  34  3:38  Hellion  
  34  3:39  Hellion  
  34  3:40  SCV  
  40  3:45  Viking  
  40  3:47  SCV  
  43  3:51  Orbital Command  
  43  3:53  SCV  
  44  3:59  SCV  
  44  4:01  Hellion  
  44  4:02  Hellion  
  49  4:05  SCV  
  49  4:07  Stimpack  
  50  4:11  SCV  
  51  4:17  SCV  
  51  4:19  Supply Depot  
  52  4:25  Orbital Command  
  52  4:26  Starport Reactor  
  52  4:30  SCV, Barracks, Factory Reactor  
  53  4:32  SCV, Barracks  
  53  4:34  Engineering Bay  
  53  4:35  Engineering Bay  
  53  4:37  Refinery  
  54  4:42  SCV  
  54  4:44  SCV  
  55  4:52  SCV, Marine  
  53  4:54  SCV  
  53  4:55  Refinery  
  53  4:56  SCV  
  55  5:04  SCV  
  55  5:06  SCV  
  53  5:09  SCV  
  53  5:10  Marine  
  53  5:13  Terran Infantry Armor Level 1, Terran Infantry Weapons Level 1  
  55  5:16  SCV  
  55  5:18  Starport Reactor  
  55  5:20  Supply Depot, Marine x2  
  55  5:21  Widow Mine x2  
  62  5:22  Supply Depot  
  62  5:23  Barracks  
  62  5:24  Barracks  
  62  5:26  Marine x2  
  62  5:28  SCV, Marine  
  66  5:29  SCV  
  66  5:32  SCV  
  68  5:38  Marine  
  68  5:40  Missile Turret  
  68  5:41  SCV, Marine  
  68  5:42  SCV  
  72  5:43  Marine, Supply Depot  
  72  5:44  Marine  
  72  5:46  Widow Mine  
  72  5:47  SCV  
  77  5:51  Widow Mine, Marine  
  77  5:53  Combat Shield  
  77  5:55  SCV  
  77  5:56  SCV, Marine  
  83  5:59  SCV  
  83  6:02  Marine  
  85  6:04  Marine  
  85  6:08  SCV x2  
  85  6:10  Marine  
  88  6:12  SCV, Missile Turret  
  88  6:15  Missile Turret  
  88  6:16  Missile Turret  
  88  6:17  Barracks Reactor x2  
  88  6:18  Medivac  
  88  6:20  SCV x2  
  88  6:24  SCV  
  91  6:28  Supply Depot  
  86  6:35  SCV x2  
  86  6:36  SCV, Medivac  
  86  6:37  Marine x2  
  93  6:43  Marine x2  
  93  6:44  Widow Mine x2, Marine  
  93  6:46  Missile Turret  
  100  6:47  SCV, Supply Depot  
  100  6:48  Supply Depot  
  98  6:57  Missile Turret  
  98  6:58  Medivac, Marine  
  101  7:02  Command Center  
  101  7:05  Marine x5  
  106  7:11  SCV x3  
  109  7:15  Armory  
  109  7:17  Factory  
  109  7:18  Marine  
  107  7:25  Widow Mine x2, Medivac  
  107  7:28  SCV x2  
  115  7:35  Marine  
  100  7:46  SCV  
  100  7:47  SCV x2  
  99  7:51  Marine x3  
  99  7:52  Marine  
  99  7:55  Marine x4  
  99  7:56  Widow Mine x2, Medivac  
  99  7:57  Medivac  
  113  8:04  Marine  
  112  8:06  Factory Tech Lab  
  112  8:07  Terran Infantry Armor Level 2, Terran Infantry Weapons Level 2  
  112  8:09  Marine x2  
  112  8:10  Missile Turret  
  114  8:14  Refinery  
  114  8:18  Widow Mine  
  114  8:19  SCV x3  
  119  8:24  Terran Vehicle And Ship Armor Level 1, Barracks, Drilling Claws  
  119  8:29  Barracks  
  119  8:30  Barracks  
  119  8:33  SCV x2  
  119  8:36  Marine  
  119  8:37  Marine x5  
  119  8:39  SCV  
  126  8:42  Planetary Fortress  
  126  8:47  SCV  
  126  8:48  Marauder, Marine  
  129  8:49  Widow Mine  
  132  8:57  Thor  
  132  8:58  Widow Mine  
  140  9:02  Supply Depot  
  140  9:07  Supply Depot  
  140  9:08  Supply Depot  
  140  9:16  Marine  
  140  9:17  SCV x2, Marine  
  140  9:18  Marine  
  140  9:19  SCV x2, Medivac, Marine  
  140  9:20  Missile Turret  
  140  9:21  Barracks Tech Lab x2  
  140  9:22  Barracks Tech Lab  
  140  9:24  Medivac, Marauder, Marine x4  
  140  9:25  Missile Turret  
  140  9:26  Missile Turret  
  140  9:30  Widow Mine  
  140  9:31  Widow Mine  
  148  9:39  Missile Turret  
  146  9:45  Marine  
  146  9:46  Marauder x2, Marine x8  
  146  9:50  Marine  
  146  9:51  Widow Mine  
  146  9:52  Concussive Shells  
  161  9:54  Widow Mine  
  159  10:02  SCV x2  
  161  10:12  Supply Depot x2  
  161  10:13  Supply Depot x3  
  161  10:20  Marine  
  161  10:21  Marauder  
  164  10:23  Missile Turret  
  164  10:24  Missile Turret  
  164  10:26  Marauder, Marine  
  164  10:27  Marine x2  
  164  10:28  Marine x2  
  164  10:33  Thor, Sensor Tower  
  164  10:34  Medivac x2, Missile Turret, Marauder x2  
  178  10:40  Terran Infantry Armor Level 3, Terran Infantry Weapons Level 3  
  178  10:41  SCV  
  178  10:42  SCV x2, Marauder  
  183  10:44  Refinery  
  183  10:45  Refinery  
  183  10:46  Missile Turret  
  183  10:49  Sensor Tower  
  178  10:51  Marauder, Marine x3  
  178  10:55  Marauder  
  178  10:56  Marauder  
  182  11:00  Refinery  
  182  11:03  Marauder  
  182  11:04  Medivac  
  179  11:24  Marine x5  
  183  11:26  Widow Mine x2  
  181  11:42  Marine  
  180  11:52  Marine, Terran Vehicle And Ship Armor Level 2, Supply Depot x3  
  180  11:54  Supply Depot  
  180  11:56  Widow Mine x2, Marine x4  
  180  11:59  Sensor Tower  
  188  12:02  Marine x3  
  188  12:04  Thor, Marauder  
  183  12:11  Marine, Marauder  
  183  12:14  Marine x5, Marauder  
  183  12:15  Medivac x2  
  197  12:18  Widow Mine  
  197  12:19  Orbital Command  
  197  12:20  Marine  
  192  12:32  Marine x2, Marauder  
  192  12:35  Marauder  
  171  12:40  Marine  
  171  12:41  Marine x7  
  171  12:42  SCV x2  
  172  12:50  Marine x2  
  153  12:53  Marine  
  153  12:56  Marine  
  127  12:58  Marine  
  127  12:59  Marine x7  
  127  13:01  SCV x2  
  127  13:03  Widow Mine x2, Thor, Medivac  
  127  13:04  SCV x2, Medivac  
  138  13:08  Marine x2  
  138  13:11  Marauder  
  130  13:14  Marine  
  130  13:16  SCV, Marine x4  
  130  13:17  SCV  
  133  13:26  Missile Turret  
  133  13:27  Missile Turret  
  133  13:28  Widow Mine x2, Sensor Tower  
  133  13:29  Missile Turret  
  133  13:32  Missile Turret  
  133  13:33  Medivac  
  139  13:37  Medivac  
  139  13:38  Marauder x2, Marine x3  
  148  13:44  SCV x3  
  148  13:45  SCV  
  148  14:04  Marauder x4, Marine x3  
  148  14:05  Widow Mine x2  
  148  14:06  Medivac, Thor  
  171  14:20  Missile Turret x2  
  171  14:26  Orbital Command  
  150  14:49  Medivac x2  
  149  14:53  Marauder  
  149  14:54  Marauder x3, Marine x7  
  149  14:55  Marine  
  165  15:03  Command Center  
  165  15:05  Missile Turret  
  165  15:11  Marine  
  165  15:12  Marine x3  
  169  15:15  Marauder  
  169  15:16  Marauder x3  
  169  15:19  Medivac  
  165  15:29  Missile Turret x2  
  165  15:32  Marine x4  
  157  15:36  SCV x2, Marauder  
  161  15:44  SCV  
  161  15:48  Missile Turret  
  162  15:55  Marine x6  
  168  16:00  Missile Turret  
  91  16:33  Marine  
  91  16:34  Marine  
  91  16:35  Marine x4  
  91  16:36  Marauder, Marine x5  
  86  16:42  Widow Mine  
Tags
 
Add a new tag
Caveats
  • Supply blocks, unpowered buildings, or Contaminate may cause inaccurate times.
  • Supply counts are checked every 10 seconds.